 Dungeon Crawl Stone Soup version 0.22-a0-322-g60b3cfd (webtiles) character file.

35 Kairos the Covered (level 3, 30/30 HPs)
             Began as a Barachi Fighter on Apr 4, 2018.
             Got out of the dungeon alive.
             The game lasted 00:01:07 (753 turns).

Kairos the Covered (Barachi Fighter)                 Turns: 753, Time: 00:01:07

Health: 30/30      AC:  7    Str: 17    XL:     3   Next: 33%
Magic:  3/3        EV:  7    Int:  8    God:
Gold:   47         SH:  9    Dex: 12    Spells: 2/2 levels left

rFire    . . .     SeeInvis .   a - +0 flail
rCold    . . .     Gourm    +   c - +0 shield
rNeg     . . .     Faith    .   b - +0 scale mail
rPois    .         Spirit   .   (no helmet)
rElec    .         Reflect  .   (no cloak)
rCorr    .         Harm     .   (no gloves)
MR       .....                  (no boots)
Stlth    ..........             h - amulet of the gourmand
HPRegen  0.10/turn              (no ring)
MPRegen  0.08/turn              (no ring)

@: slow
A: +LOS, swims, slowness 1, strong legs 1
a: Hop


You escaped.
You were not hungry.

You visited 1 branch of the dungeon, and saw 1 of its levels.

You collected 47 gold pieces.

Inventory:

Hand Weapons
 a - a +0 flail (weapon)
Armour
 b - a +0 scale mail (worn)
 c - a +0 shield (worn)
Jewellery
 h - an amulet of the gourmand (around neck)
Scrolls
 g - a scroll of immolation {unknown}
Potions
 d - a potion of might
 e - a potion of ambrosia {unknown}
 i - a potion of heal wounds {unknown}
 j - a potion of curing {unknown}
Comestibles
 f - 2 rations


   Skills:
 + Level 4.0 Fighting
 + Level 3.0 Maces & Flails
 + Level 4.0 Armour
 + Level 0.2 Dodging
 + Level 3.6 Shields


You had 2 spell levels left.
You didn't know any spells.

Dungeon Overview and Level Annotations

Branches:
Dungeon (1/15)

Altars:


Innate Abilities, Weirdness & Mutations

Shadows flee at your approach. (+LOS)
You can swim through water.
You cover ground slowly.
You can hop short distances.


Message History

You now have 47 gold pieces (gained 12).
There is a stone staircase leading down here.
Done exploring.
No target in view!
No target in view!
No target in view!
No target in view!
No target in view!
No target in view!
Done exploring.
Done exploring.
Done exploring.
There is an open door here.
There is a staircase leading out of the dungeon here.
There is a staircase leading out of the dungeon here.
There is a staircase leading out of the dungeon here.
You can't go up here!
There is a staircase leading out of the dungeon here.
Are you sure you want to leave the Dungeon?
This will make you lose the game!
You have escaped!

##.## #####.# ###......# #..###
##########.######......# ##...##
#.........)).).##......# ###..#
#..............##....... ##.##
#..###'######..###.....# #..#
#..#........#..##......# #.##
#..#........#..........# #.#
#..'.......)#..##......#
#.#####..#...@....#..##.##.###
#....##..#........'..##....#
####)##.....#........#..##...##
.##..#####..#........#..##....#
.##รท## #..######'###..##....#
.##.# #..............##....#
.#..## #...(..........##....###
.....#########.###########.......
#..#....### #.###########....)##


There were no monsters in sight!

Vanquished Creatures
  A dart slug (D:1)
  A leopard gecko (D:1)
  6 bats (D:1)
  3 giant cockroaches (D:1)
  A hobgoblin (D:1)
  2 jackals (D:1)
  2 frilled lizards (D:1)
  7 goblins (D:1)
  4 kobolds (D:1)
  4 rats (D:1)
31 creatures vanquished.

Notes
Turn   | Place    | Note
-------+----------+-------------------------------------------
     0 | D:1      | Kairos the Barachi Fighter began the quest for the Orb.
     0 | D:1      | Reached XP level 1. HP: 18/18 MP: 1/1
    62 | D:1      | Reached XP level 2. HP: 15/25 MP: 2/2
   275 | D:1      | Reached XP level 3. HP: 15/30 MP: 3/3
   753 | D:$      | Got out of the dungeon alive.

Vault maps used:
D:1:      lemuel_arrival_room

Skill      XL: |  1  2  3 |
---------------+----------+-----
Armour         | 4 |  4.0
Maces & Flails | 3 |  3.0
Fighting       | 4 |  4.0
Dodging        | |  0.2
Shields        | |  3.6

Action                   || total
-------------------------++-------
Melee: Flail             ||   114
Armor: Scale mail        ||    95
Dodge: Dodged            ||    52
Block: Shield            ||    81

Table legend:
 A = Spawn XP
 B = Non-spawn XP
 C = Spawn XP percentage of total XP
 D = Spawn monster count
 E = Non-spawn monster count
 F = Spawn count percentage of total count
 G = Total turns spent on level
                    A         B        C        D         E        F      G
               +---------+---------+-------+---------+---------+-------+---------
         Total |       0 |      50 |   0.0 |       0 |      31 |   0.0 |   753
               +---------+---------+-------+---------+---------+-------+---------
           D:1 |       0 |      50 |   0.0 |       0 |      31 |   0.0 |   753
               +---------+---------+-------+---------+---------+-------+---------
